Map: Oxide LE

Players

MCanning - Winner!

  • Race: Protoss Protoss

MaSa

  • Race: Terran Terran

Event: DreamHack SC2 Masters 2021 Fall

VOD

Have the link to the VOD?

Description

Time

  • Played on: Aug. 4, 2021, 3:42 p.m.
  • Length: 13:59

All games in this series

Show
View Real Time Build Order
Export as new Build Order

MCanning Protoss - Winner!

Build Orders: Colossus Rush 

Get SALT Encoding   

  12  0:00  Probe  
  13  0:12  Probe  
  14  0:17  Pylon  
  14  0:24  Probe  
  15  0:36  Gateway, Probe (Chrono Boost)  
  16  0:46  Probe (Chrono Boost)  
  16  0:47  Assimilator  
  17  0:51  Probe (Chrono Boost)  
  18  1:03  Probe  
  19  1:15  Probe  
  20  1:24  Zealot  
  20  1:25  Cybernetics Core  
  22  1:27  Probe  
  22  1:30  Pylon  
  23  1:48  Probe  
  24  1:59  Stalker (Chrono Boost)  
  24  2:00  Warp Gate (Chrono Boost)  
  26  2:12  Nexus  
  26  2:17  Assimilator  
  26  2:21  Probe  
  27  2:26  Adept  
  29  2:39  Probe  
  29  2:41  Pylon  
  30  2:51  Twilight Council, Probe  
  31  3:01  Shield Battery  
  31  3:03  Probe  
  31  3:04  Robotics Facility  
  32  3:11  Sentry  
  34  3:15  Probe  
  35  3:24  Gateway  
  35  3:26  Probe  
  36  3:27  Probe  
  37  3:38  Probe (Chrono Boost)  
  37  3:39  Gateway  
  38  3:42  Probe (Chrono Boost)  
  40  3:49  Sentry, Probe (Chrono Boost)  
  40  3:51  Probe (Chrono Boost)  
  40  3:52  Observer  
  40  3:54  Probe (Chrono Boost)  
  44  3:57  Pylon  
  44  3:59  Probe  
  46  4:04  Probe  
  47  4:14  Observer, Probe (Chrono Boost)  
  47  4:16  Probe (Chrono Boost)  
  50  4:19  Stalker x2  
  53  4:26  Probe (Chrono Boost)  
  53  4:27  Probe (Chrono Boost)  
  52  4:32  Probe  
  52  4:35  Assimilator, Probe  
  52  4:37  Assimilator  
  54  4:47  Forge, Robotics Bay  
  54  4:52  Pylon  
  54  4:57  Probe  
  54  4:58  Probe  
  56  5:09  Probe  
  56  5:12  Pylon  
  57  5:20  Protoss Ground Weapons Level 1 (Chrono Boost), Stalker  
  59  5:26  Nexus  
  59  5:29  Pylon  
  59  5:32  Colossus (Chrono Boost)  
  59  5:33  Probe  
  66  5:38  Extended Thermal Lance (Chrono Boost)  
  66  5:44  Adept  
  68  5:50  Gateway  
  68  5:53  Gateway  
  68  5:59  Probe  
  68  6:02  Probe  
  70  6:05  Pylon  
  70  6:07  Gateway  
  70  6:10  Sentry  
  72  6:12  Colossus (Chrono Boost)  
  78  6:20  Zealot  
  78  6:24  Shield Battery  
  80  6:28  Probe x2  
  80  6:29  Pylon  
  82  6:38  Twilight Council  
  82  6:40  Probe x2  
  82  6:41  Sentry  
  82  6:45  Shield Battery, Probe  
  87  6:52  Probe  
  87  6:53  Disruptor (Chrono Boost)  
  87  6:54  Stalker  
  90  6:55  Probe  
  90  6:56  Observer  
  90  6:57  Probe  
  95  7:05  Photon Cannon  
  95  7:09  Photon Cannon  
  95  7:10  Probe  
  95  7:12  Pylon, Charge (Chrono Boost)  
  96  7:20  Zealot  
  96  7:21  Stalker  
  96  7:22  Stalker  
  102  7:26  Pylon, Disruptor  
  104  7:34  Zealot x3  
  104  7:35  Protoss Ground Armor Level 1  
  109  7:38  Probe  
  106  7:51  Zealot x3  
  111  8:02  Disruptor, Zealot x2, Dark Shrine  
  116  8:11  Stalker  
  118  8:12  Zealot x2  
  118  8:15  Probe  
  119  8:29  Zealot x3  
  119  8:31  Pylon, Blink (Chrono Boost)  
  125  8:35  Pylon  
  125  8:36  Probe  
  125  8:47  Zealot x3  
  117  8:52  Zealot x3  
  105  9:09  Stalker x2  
  109  9:10  Stalker  
  109  9:16  Probe  
  109  9:19  Forge  
  109  9:21  Probe x2  
  109  9:22  Zealot x3  
  117  9:28  Gateway x2, Probe  
  118  9:33  Assimilator  
  118  9:39  Disruptor (Chrono Boost)  
  119  9:47  Nexus  
  119  9:48  Pylon  
  119  9:52  Zealot x3  
  121  9:53  Zealot x2  
  121  9:56  Dark Templar  
  129  10:06  Probe  
  129  10:13  Dark Templar, Gateway  
  129  10:14  Pylon  
  127  10:15  Stalker x2  
  127  10:18  Probe  
  133  10:21  Probe  
  133  10:22  Zealot x2  
  133  10:25  Protoss Ground Weapons Level 2 (Chrono Boost)  
  127  10:44  Zealot x6  
  135  10:52  Probe x2  
  135  10:53  Probe  
  138  11:04  Probe  
  133  11:07  Stalker  
  133  11:10  Disruptor  
  132  11:12  Protoss Ground Armor Level 2 (Chrono Boost)  
  132  11:14  Probe  
  132  11:17  Robotics Facility  
  131  11:21  Stalker x2  
  131  11:23  Probe (Chrono Boost)  
  131  11:24  Probe (Chrono Boost)  
  138  11:27  Probe x2 (Chrono Boost)  
  139  11:35  Stalker  
  139  11:36  Stalker x2, Probe x2 (Chrono Boost)  
  139  11:38  Probe (Chrono Boost)  
  149  11:40  Probe (Chrono Boost)  
  149  11:42  Probe (Chrono Boost)  
  148  11:48  Dark Templar  
  148  11:50  Zealot x4  
  150  11:59  Pylon  
  150  12:00  Zealot x4  
  155  12:03  Shield Battery  
  152  12:11  Stalker x3  
  158  12:19  Zealot x3  
  158  12:23  Disruptor  
  143  12:30  Zealot x4  
  143  12:34  Probe  
  148  12:39  Zealot x2  
  148  12:40  Zealot  
  148  12:45  Zealot  
  148  12:46  Zealot  
  140  12:54  Zealot x4  
  140  12:58  Probe  
  143  12:59  Assimilator  
  143  13:01  Assimilator  
  125  13:18  Zealot x6  
  117  13:37  Stalker x2  
  117  13:38  Zealot x4  
  121  13:48  Dark Templar  
  121  13:51  Zealot x2  
Show
View Real Time Build Order
Export as new Build Order

MaSa Terran 

Build Orders:  

Get SALT Encoding   

  12  0:00  SCV  
  13  0:12  SCV  
  14  0:16  Supply Depot  
  14  0:24  SCV  
  15  0:38  SCV  
  15  0:40  Barracks  
  16  0:45  Refinery  
  16  0:50  SCV  
  17  1:02  Engineering Bay  
  17  1:03  SCV  
  18  1:17  SCV  
  19  1:28  Marine  
  19  1:29  Orbital Command  
  20  1:51  Factory  
  20  1:56  SCV  
  20  1:59  Supply Depot  
  21  2:06  Barracks Reactor  
  21  2:10  SCV  
  22  2:17  Command Center  
  22  2:22  SCV  
  23  2:27  Refinery  
  23  2:34  SCV  
  24  2:43  Starport  
  24  2:44  Marine x2  
  24  2:46  SCV  
  27  2:52  Widow Mine  
  30  2:58  SCV, Supply Depot  
  30  3:10  SCV  
  31  3:19  Marine x2  
  31  3:20  Widow Mine, Medivac  
  31  3:24  SCV  
  38  3:36  SCV  
  38  3:38  Marine x2  
  41  3:42  Factory Tech Lab  
  41  3:49  SCV  
  41  3:50  Starport Tech Lab  
  41  3:54  Orbital Command  
  42  3:58  Bunker  
  42  4:01  SCV, Barracks  
  43  4:03  Siege Tank  
  43  4:06  Marine  
  47  4:12  Supply Depot  
  45  4:28  SCV  
  45  4:29  SCV  
  45  4:36  Refinery  
  45  4:39  Marine  
  45  4:40  Marine, SCV, Raven  
  45  4:42  SCV, Barracks  
  49  4:47  Supply Depot  
  49  4:52  SCV  
  50  4:54  SCV  
  50  4:57  Engineering Bay, Factory Tech Lab  
  51  5:00  Marine x3, Stimpack  
  51  5:04  SCV  
  55  5:07  SCV  
  55  5:13  Supply Depot  
  56  5:18  Marine  
  56  5:19  Marine x2  
  56  5:20  Siege Tank  
  56  5:21  SCV  
  63  5:25  SCV  
  63  5:28  Terran Infantry Weapons Level 1  
  64  5:31  Starport Reactor  
  64  5:33  SCV  
  64  5:35  Supply Depot  
  65  5:37  SCV  
  65  5:39  Marauder x2  
  69  5:45  SCV  
  69  5:46  Refinery  
  69  5:49  Marine x2  
  72  5:54  Supply Depot  
  72  5:55  Siege Tank  
  75  5:58  SCV x2  
  75  6:00  Marauder  
  75  6:02  Supply Depot  
  75  6:04  Marauder  
  81  6:07  Combat Shield  
  81  6:10  SCV x2  
  83  6:16  Marine x2  
  85  6:18  Supply Depot  
  85  6:22  Medivac, Marauder  
  89  6:26  Marauder  
  89  6:29  SCV x2  
  93  6:34  Supply Depot, Medivac  
  93  6:36  Marine x2  
  97  6:42  SCV x2  
  97  6:43  Marauder  
  97  6:46  Siege Tank  
  104  6:53  Supply Depot  
  104  6:54  SCV  
  104  6:57  Supply Depot  
  105  7:03  Marine, Marauder  
  105  7:04  SCV  
  109  7:10  Command Center  
  109  7:12  SCV  
  110  7:19  Siege Tank  
  113  7:24  Marine x2  
  113  7:25  SCV, Marauder x2  
  113  7:26  SCV  
  120  7:30  Terran Infantry Armor Level 1  
  119  7:37  SCV  
  119  7:43  Marine  
  119  7:44  Marine, SCV  
  122  7:46  Marauder  
  122  7:51  Siege Tank, Marauder  
  115  7:52  SCV  
  115  7:56  SCV, Barracks  
  119  7:59  Barracks  
  119  8:01  Marine  
  119  8:03  Marine  
  121  8:07  Marauder  
  121  8:12  Marine  
  126  8:13  Liberator x2  
  126  8:18  Concussive Shells  
  126  8:19  SCV  
  130  8:23  Siege Tank  
  133  8:29  Marauder  
  135  8:35  SCV  
  135  8:38  Marine x2, Marauder  
  133  8:48  SCV  
  133  8:51  Marauder  
  133  8:52  Barracks Reactor, Barracks Tech Lab  
  133  8:53  SCV  
  135  8:57  Liberator  
  122  9:06  Marine x2, Siege Tank, Marauder  
  122  9:08  SCV  
  119  9:13  Marauder  
  119  9:14  SCV  
  119  9:16  Orbital Command  
  113  9:20  SCV  
  113  9:23  Marine x2, Marauder  
  118  9:24  Viking  
  118  9:26  SCV  
  118  9:27  Marauder  
  123  9:32  Starport  
  123  9:33  SCV  
  123  9:37  Armory  
  123  9:38  Refinery x2  
  124  9:39  SCV  
  124  9:41  Marine x3  
  124  9:42  Marauder  
  130  9:50  Marine x2, Siege Tank  
  130  9:51  Marauder  
  134  9:57  SCV  
  134  9:58  SCV x2  
  134  9:59  Marine x3  
  140  10:03  Marauder  
  142  10:08  Marine  
  142  10:09  Medivac x2, Marauder  
  149  10:18  Supply Depot x2  
  149  10:19  Supply Depot  
  149  10:21  Starport Reactor  
  149  10:23  Engineering Bay  
  149  10:33  SCV  
  149  10:35  SCV, Orbital Command  
  149  10:36  Marine x2  
  138  10:46  SCV  
  138  10:47  Marine x3, SCV, Marauder x2  
  138  10:49  Missile Turret  
  139  10:53  Orbital Command  
  127  10:58  SCV  
  127  11:03  Marine, SCV, Marauder  
  124  11:05  Marine  
  124  11:09  Marauder  
  123  11:13  SCV  
  123  11:14  Marine x2, Marauder  
  125  11:18  Missile Turret  
  125  11:21  Marine  
  125  11:22  Marine  
  125  11:24  Viking  
  125  11:25  Marauder  
  131  11:32  Marauder  
  133  11:35  SCV x2, Marauder  
  133  11:39  Marine  
  138  11:45  Viking  
  138  11:46  Medivac, Marauder  
  144  11:52  Marine  
  144  11:53  Marauder  
  146  11:55  Medivac  
  148  12:03  Supply Depot  
  148  12:04  Supply Depot  
  148  12:22  Marine  
  149  12:24  Marine  
  149  12:25  Siege Tank, Marauder x2  
  149  12:27  Marine x2  
  149  12:28  SCV, Marauder  
  149  12:29  SCV x2  
  149  12:40  Marine  
  149  12:41  SCV x2  
  149  12:42  Marine  
  139  12:46  Marauder  
  139  12:48  Marine, Marauder  
  112  12:53  Marine, SCV x2, Marauder  
  112  12:57  Marine, SCV  
  111  13:00  Marine  
  111  13:06  Marine  
  111  13:07  Marauder  
  111  13:10  Marine, Marauder  
  111  13:12  Medivac  
  99  13:14  Marine  
  99  13:15  Marine  
  99  13:18  Marine  
  82  13:23  Marine  
  82  13:26  Orbital Command  
  77  13:28  Marine  
  77  13:29  Marauder  
  77  13:30  Marine  
  77  13:32  Marine  
  77  13:33  Marine  
  81  13:40  Marine  
  77  13:44  SCV  

Tags
 
Add a new tag
Caveats
  • Supply blocks, unpowered buildings, or Contaminate may cause inaccurate times.
  • Supply counts are checked every 10 seconds.